 Dungeon Crawl Stone Soup version 0.27.1 (webtiles) character file.

Game seed: 721191214794282885

4011 zdrol the Carver (level 10, 0/80 HPs)
             Began as a Minotaur Fighter on Sept 5, 2021.
             Was a Priest of Yredelemnul.
             Slain by a bullfrog (6 damage)
             ... on level 8 of the Dungeon.
             The game lasted 00:33:20 (7601 turns).

zdrol the Carver (Minotaur Fighter)                 Turns: 7601, Time: 00:33:20

Health: 0/80       AC: 11    Str: 21    XL:     10   Next: 3%
Magic:  5/9        EV:  6    Int:  5    God:    Yredelemnul [***...]
Gold:   344        SH:  0    Dex:  9    Spells: 9/9 levels left

rFire    + + +     SeeInvis .   j - +8 demon blade "Bothykhle" {drain, rElec rPois rF++ Str-2}
rCold    . . .     Faith    .   c - +1 kite shield
rNeg     . . .     Spirit   .   q - +0 chain mail
rPois    +         Reflect  .   (helmet restricted)
rElec    +         Harm     .   (no cloak)
rCorr    +         Rampage  .   (no gloves)
Will     .....                  g - +0 pair of boots
Stlth    ..........             (no amulet)
HPRegen  0.23/turn              n - ring of Ykif {rPois rF+ rCorr Dex-2}
MPRegen  0.11/turn              C - ring "Heuhil" {rPois rF+ Stlth+}

@: confused
A: horns 2, retaliatory headbutt
a: Renounce Religion, Recall Undead Slaves, Injury Mirror, Animate Dead


You were on level 8 of the Dungeon.
You worshipped Yredelemnul.
Yredelemnul was most pleased with you.
You visited 1 branch of the dungeon, and saw 8 of its levels.
You also visited: Sewer.

You collected 384 gold pieces.
You spent 40 gold pieces at shops.

Inventory:

Hand Weapons
 j - the +8 demon blade "Bothykhle" (weapon) {drain, rElec rPois rF++ Str-2}
   (You acquired it on level 3 of the Dungeon)

   A truly terrible weapon, it drains the life of any living foe it strikes.
   Str:       It affects your strength (-2).
   rF:        It greatly protects you from fire.
   rElec:     It insulates you from electricity.
   rPois:     It protects you from poison.
 l - a +0 vorpal flail
Missiles
 y - 22 poisoned darts (quivered)
Armour
 c - a +1 kite shield (worn)
 g - a +0 pair of boots (worn)
 q - a +0 chain mail (worn)
Jewellery
 a - a ring of resist corrosion
 n - the ring of Ykif (left hand) {rPois rF+ rCorr Dex-2}
   (You acquired it on level 3 of the Dungeon)

   [ring of poison resistance]

   Dex:       It affects your dexterity (-2).
   rF:        It protects you from fire.
   rPois:     It protects you from poison.
   rCorr:     It protects you from acid and corrosion.
 u - a ring of magical power
 C - the ring "Heuhil" (right hand) {rPois rF+ Stlth+}
   (You acquired it on level 6 of the Dungeon)

   [ring of poison resistance]

   rF:        It protects you from fire.
   rPois:     It protects you from poison.
   Stlth:     It makes you more stealthy.
 G - a +6 ring of intelligence
Wands
 A - a wand of flame (14)
 D - a wand of mindburst (20)
 E - a wand of charming (8)
Scrolls
 e - 3 scrolls of enchant armour
 k - a scroll of enchant weapon
 m - a scroll of silence
 p - a scroll of brand weapon {unknown}
 t - a scroll of blinking
 v - a scroll of torment {unknown}
 w - a scroll of fear {unknown}
 B - 2 scrolls of teleportation
 F - a scroll of identify
Potions
 b - 3 potions of lignification
 d - 3 potions of might
 f - 3 potions of haste
 h - a potion of magic {unknown}
 i - 3 potions of flight
 o - 4 potions of curing
 r - a potion of berserk rage {unknown}
 s - a potion of ambrosia {unknown}
 x - a potion of brilliance {unknown}


   Skills:
 + Level 4.6 Fighting
 - Level 14.0 Long Blades
 + Level 1.0 Maces & Flails
 + Level 4.5 Throwing
 + Level 6.4 Armour
 + Level 1.2 Dodging
 + Level 5.2 Shields
 - Level 1.0 Invocations


You had 9 spell levels left.
You didn't know any spells.
Your spell library contained the following spells:

 Spells                   Type           Power      Damage    Failure   Level
 Beastly Appendage        Tmut           0%         N/A       100%        1
 Corpse Rot               Necr/Air       N/A        N/A       100%        2
 Poisonous Vapours        Pois/Air       0%         N/A       100%        2
 Wereblood                Tmut           0%         N/A       100%        2
 Spider Form              Tmut/Pois      0%         N/A       100%        3
 Freezing Cloud           Conj/Ice/Air   0%         6-21      100%        5


Dungeon Overview and Level Annotations

Branches:
Dungeon (8/15)             Temple (0/1) D:4           Sewer (visited)
   Lair: D:8-11

Altars:
Wu Jian
Yredelemnul
Zin

Shops:
D:4 [(=   D:6 ***?


Innate Abilities, Weirdness & Mutations

You have a pair of horns on your head.
You reflexively headbutt those who attack you in melee.


Message History

Something hits your flying skull.
Something bites your flying skull but does no damage.
You block the flying skull's attack.
Your flying skull barely misses the flying skull.
Something hits your flying skull!
Your flying skull is destroyed!
Your flying skull barely misses the flying skull.
The flying skull hits you.
* * * LOW HITPOINT WARNING * * *
Your shield prevents you from hitting the flying skull.
The flying skull is moderately damaged.
The flying skull hits you!
* * * LOW HITPOINT WARNING * * *
Your flying skull closely misses the flying skull.
Your flying skull hits the flying skull!
The flying skull is destroyed!
You hear some strange, mumbled words.
Deactivating autopickup; reactivate with Ctrl-A.
You are confused.
You start resting.
A bullfrog is nearby!
You start resting.
A bullfrog is nearby!
Something hits you.
* * * LOW HITPOINT WARNING * * *
Something bites you but does no damage.
Are you sure you want to stumble around while confused and next to your flying skull?
You miss the bullfrog. Your headbutt misses the bullfrog.
The bullfrog hits you but does no damage.
Your flying skull barely misses something.
Your flying skull hits something!
Yredelemnul accepts your kill.
Reactivating autopickup.
You feel a bit more experienced. The bullfrog hits you.
* * * LOW HITPOINT WARNING * * *
Are you sure you want to stumble around while confused and next to your flying skull?
Okay, then.
The bullfrog hits you.
You die...
Your body rises from the dead as a mindless zombie.

#..# .... .##... ... ....
..... #..
##(....##.#..##.. ...#
.....^.....
...#...........###
............##)..# ..
...............).###....
.##...........zz@.......
..............#F........
.................###...#
.................#)#...#
..............o..###...#
........................
.......<.#..(...........
.........##(...........##
.........##......##...[.#(


You could see a bullfrog (ally target), an orc and 2 friendly flying skulls.

Vanquished Creatures
  Erica (D:7)
  The ghost of speeev33 the Cleaver, a novice HOFi of Trog (D:7)
  Psyche (D:8)
  A troll (D:7)
  Prince Ribbit (D:6)
  Menkaure (D:4)
  A hornet zombie (D:5)
  An ice beast (D:7)
  A sky beast (D:8)
  4 ogres
  2 centaurs (D:7)
  A kobold brigand (Sewer)
  2 bullfrogs
  A scorpion (D:5)
  A howler monkey (D:5)
  A bullfrog zombie (D:5)
  3 centaur zombies
  2 orc priests (D:5)
  2 bullfrog skeletons
  3 hounds
  A jelly (D:4)
  2 centaur skeletons
  Jessica (D:3)
  3 iguanas
  A scorpion zombie (D:5)
  5 orc wizards
  A hound skeleton (D:4)
  6 adders
  A gnoll (D:1)
  2 river rats (Sewer)
  A shadow imp (D:5)
  A white imp (D:5)
  An ufetubus (D:5)
  An adder zombie (D:5)
  An adder skeleton (D:5)
  2 worms (D:4)
  3 dart slugs
  12 orcs
  7 endoplasms
  3 giant cockroaches
  10 hobgoblins
  5 jackals
  9 kobolds
  6 ball pythons
  2 bats
  A frilled lizard (D:3)
  7 rats
126 creatures vanquished.

Vanquished Creatures (collateral kills)
  A flying skull (D:8)
  A vampire (D:8)
  An orc wizard (D:5)
  A worm (D:3)
  2 orcs (D:5)
  An endoplasm (D:3)
7 creatures vanquished.

Vanquished Creatures (others)
  A flying skull (D:8)
  A howler monkey zombie (D:5)
  2 orc zombies (D:5)
  A sky beast zombie (D:8)
  2 plants (D:4)
7 creatures vanquished.

Grand Total: 140 creatures vanquished

Notes
Turn   | Place    | Note
-------+----------+-------------------------------------------
     0 | D:1      | zdrol the Minotaur Fighter began the quest for the Orb.
     0 | D:1      | Reached XP level 1. HP: 19/19 MP: 0/0
    73 | D:1      | Reached XP level 2. HP: 7/27 MP: 1/1
   425 | D:1      | Reached skill level 3 in Long Blades
   642 | D:1      | Reached XP level 3. HP: 33/33 MP: 2/2
   727 | D:1      | Found a faded altar of an unknown god.
   730 | D:1      | Became a worshipper of Yredelemnul the Dark
   730 | D:1      | Reached * piety under Yredelemnul
  1698 | D:2      | Reached skill level 4 in Long Blades
  1698 | D:2      | Reached XP level 4. HP: 40/40 MP: 3/3
  1942 | D:2      | Found an ornate altar of the Wu Jian Council.
  2260 | D:3      | Identified 2 scrolls of acquirement
  2260 | D:3      | Acquired the ring of Ykif {rPois rF+ rCorr Dex-2}
  2263 | D:3      | Acquired the +8 demon blade "Bothykhle" {drain, rElec rPois
                  | rF++ Str-2}
  2289 | D:3      | Noticed Jessica
  2294 | D:3      | Killed Jessica
  2615 | D:3      | Reached ** piety under Yredelemnul
  2911 | D:4      | Noticed Menkaure
  2917 | D:4      | Killed Menkaure
  2918 | D:4      | Reached skill level 5 in Long Blades
  2918 | D:4      | Reached skill level 5 in Armour
  2918 | D:4      | Reached XP level 5. HP: 20/46 MP: 4/4
  3132 | D:4      | Reached XP level 6. HP: 18/52 MP: 5/5
  3169 | D:4      | Reached skill level 1 in Invocations
  3200 | D:4      | Found a glowing silver altar of Zin.
  3242 | D:4      | Found a staircase to the Ecumenical Temple.
  3256 | D:4      | Reached skill level 1 in Maces & Flails
  3295 | D:4      | Found Cokogol's Armour Emporium.
  3338 | D:4      | Found Bofaozo's Weapon Shop.
  3482 | D:4      | Found a glowing drain.
  3486 | Sewer    | Entered a sewer
  3549 | Sewer    | Reached skill level 6 in Long Blades
  3549 | Sewer    | Reached skill level 1 in Dodging
  3549 | Sewer    | Reached XP level 7. HP: 49/60 MP: 6/6
  3572 | Sewer    | Found a white marble altar of Elyvilon.
  3869 | D:4      | Found Qutzev's Jewellery Emporium.
  4105 | D:5      | Entered Level 5 of the Dungeon
  4129 | D:5      | Reached skill level 7 in Long Blades
  4195 | D:5      | Reached *** piety under Yredelemnul
  4289 | D:5      | Reached skill level 8 in Long Blades
  4451 | D:5      | Reached skill level 9 in Long Blades
  4611 | D:5      | Reached XP level 8. HP: 28/67 MP: 7/7
  5264 | D:6      | Found Jistijy's Assorted Antiques.
  5354 | D:6      | Found Kapruic Kisi's Magic Scroll Emporium.
  5461 | D:6      | Found Cuosir's General Store.
  5468 | D:6      | Found Hawoun's Assorted Antiques.
  5517 | D:6      | Reached skill level 10 in Long Blades
  5525 | D:6      | Found Pokoexa's Magic Scroll Shop.
  5533 | D:6      | Noticed Prince Ribbit
  5548 | D:6      | Killed Prince Ribbit
  5566 | D:6      | Acquired the ring "Heuhil" {rPois rF+ Stlth+}
  6202 | D:6      | Bought a scroll of identify for 40 gold pieces
  6261 | D:7      | Reached skill level 11 in Long Blades
  6450 | D:7      | Found a transporter.
  6463 | D:7      | Noticed speeev33's ghost (novice HOFi)
  6464 | D:7      | Found a transporter.
  6804 | D:7      | Noticed a troll
  6813 | D:7      | Killed a troll
  6814 | D:7      | Reached skill level 12 in Long Blades
  6814 | D:7      | Reached XP level 9. HP: 62/72 MP: 8/8
  6906 | D:7      | Killed speeev33's ghost
  6907 | D:7      | Reached skill level 13 in Long Blades
  7223 | D:8      | Noticed Erica
  7256 | D:7      | Killed Erica
  7257 | D:7      | Reached skill level 14 in Long Blades
  7536 | D:8      | Reached skill level 5 in Shields
  7556 | D:8      | Noticed Psyche
  7589 | D:8      | Received a gift from Yredelemnul (4 flying skulls)
  7593 | D:8      | Killed Psyche
  7594 | D:8      | Reached XP level 10. HP: 18/80 MP: 4/9
  7601 | D:8      | Slain by a bullfrog

Illustrated notes

Levels and vault maps discovered:
D:1:      lemuel_arrival_tunnels, layout_loops_ring,
          hellmonk_ecumenical_altar_inner_sanctum, hangedman_feature_mirror
D:2:      layout_loops_ring, basic_altar
D:3:      layout_loops_ring, minmay_distorted, uniq_jessica
D:4:      wander_river, layout_rooms, zin_statuary,
          minmay_temple_entry_gardened_gates, gup_sewer_entry_spiral,
          serial_shops, shop, nicolae_shop_statue_plus, shop_statue,
          uniq_menkaure
D:5:      layout_loops_cross, serial_rivers, chequers_serial_rivers_micro_b,
          chequers_serial_rivers_marsh, chequers_serial_rivers_room_a,
          chequers_serial_rivers_micro_c, chequers_serial_rivers_micro_c,
          chequers_serial_rivers_micro_b, feat_on_display
D:6:      layout_gridville, serial_shops, shop, nicolae_shop_stone,
          nicolae_inconvenience_store, shop, nicolae_shop_statue_plus,
          uniq_prince_ribbit1
D:7:      layout_loops_ring, gammafunk_ghost_smash, minivault_22,
          feat_on_display
D:8:      layout_cave_pools, okawaru_humans, item_on_display_a, uniq_psyche,
          uniq_erica

Skill      XL: |  1  2  3  4  5  6  7  8  9 |
---------------+----------------------------+-----
Shields        | 4 5 |  5.2
Long Blades    | 3 4 5 6 9 12 14 | 14.0
Armour         | 4 5 6 |  6.4
Fighting       | 4 |  4.6
Invocations    | 1 |  1.0
Maces & Flails | 1 |  1.0
Dodging        | 1 |  1.2
Throwing       | 4 |  4.5

Action                   |  1- 3 |  4- 6 |  7- 9 | 10-12 || total
-------------------------+-------+-------+-------+-------++-------
Melee: Long sword        |    69 |     9 |       |       ||    78
       Headbutt          |     7 |    13 |    24 |       ||    44
       Demon blade       |       |    77 |   155 |     2 ||   234
       Flail             |       |     7 |       |       ||     7
Throw: Dart              |       |       |     5 |       ||     5
Invok: Animate Remains   |     5 |     3 |     2 |       ||    10
       Animate Dead      |       |       |     7 |       ||     7
  Use: Scroll            |       |     3 |     8 |       ||    11
       Potion            |       |       |     2 |       ||     2
Armor: Scale mail        |    34 |    12 |       |       ||    46
       Chain mail        |       |    33 |    75 |     3 ||   111
Dodge: Dodged            |    18 |    25 |    33 |     1 ||    77
Block: Kite shield       |    29 |    50 |    74 |     2 ||   155
       Rpst.: Long sword |     5 |       |       |       ||     5
       Demon blade       |       |     4 |     3 |       ||     7
